 Dungeon Crawl Stone Soup version 0.21-a0-401-g0b6bec4 (webtiles) character file.

42 Kavrick the Insei (level 3, -2/20 HPs)
             Began as a Vine Stalker Monk on Oct 21, 2017.
             Slain by a gnoll (4 damage)
             ... on level 2 of the Dungeon.
             The game lasted 00:01:44 (1344 turns).

Kavrick the Insei (Vine Stalker Monk)               Turns: 1344, Time: 00:01:45

Health: -2/20      AC:  2    Str: 13    XL:     3   Next: 56%
Magic:  0/4        EV: 13    Int: 10    God:
Gold:   28         SH:  0    Dex: 17    Spells: 2/2 levels left

rFire    . . .     SeeInvis .     - Unarmed
rCold    . . .     Gourm    .   (no shield)
rNeg     . . .     Faith    .   a - +0 robe
rPois    .         Spirit   +   (no helmet)
rElec    .         Reflect  .   (no cloak)
rCorr    .         Harm     .   (no gloves)
MR       .....                  (no boots)
Stlth    ++........             (no amulet)
HPRegen  0.06/turn              (no ring)
MPRegen  0.09/turn              (no ring)

@: no status effects
A: fangs 2, magic shield, antimagic bite, no potion heal 3, rot immunity
a: no special abilities


You were on level 2 of the Dungeon.
You were very hungry.

You visited 1 branch of the dungeon, and saw 2 of its levels.

You collected 28 gold pieces.

Inventory:

Armour
 a - a +0 robe (worn)
Jewellery
 g - an uncursed ring of protection from fire {unknown}
Scrolls
 c - 4 scrolls of immolation {unknown}
 h - a scroll of identify {unknown}
 i - a scroll of teleportation {unknown}
 j - 2 scrolls of blinking {unknown}
Potions
 e - a potion of lignification {unknown}
Comestibles
 b - a bread ration
 f - a meat ration


   Skills:
 + Level 3.0 Fighting
 + Level 0.9 Armour
 + Level 2.7 Dodging
 - Level 2.4 Stealth
 * Level 3.6 Unarmed Combat


You had 2 spell levels left.
You didn't know any spells.

Dungeon Overview and Level Annotations

Branches:
Dungeon (2/15)

Altars:


Innate Abilities, Weirdness & Mutations

You have extremely sharp teeth.
When hurt, damage is shared between your health and your magic reserves.
Your bite disrupts and absorbs the magic of your enemies.
Potions cannot restore your health.
You are immune to rotting.


Message History

The hobgoblin hits you but does no damage.
The gnoll barely misses you.
You hit the gnoll but do no damage.
The gnoll is moderately wounded.
The gnoll closely misses you. The hobgoblin closely misses you.
The gnoll hits you with a spear!
* * * LOW HITPOINT WARNING * * *
You hit the gnoll.
The gnoll is severely wounded.
The gnoll closely misses you. The hobgoblin closely misses you.
The gnoll barely misses you.
You hit the gnoll. Your bite misses the gnoll.
The gnoll is almost dead.
The gnoll barely misses you. The gnoll misses you.
The hobgoblin hits you with a club.
* * * LOW HITPOINT WARNING * * *
You closely miss the gnoll.
The gnoll is almost dead.
The gnoll hits you.
You die...

#.#.# ##...#######
## #........#..
.##.. #...........
......#...........
#................
..#....#..........
#....#..gg......
#....#..@.......
.....###g........
.....# #.........
..... ....#...##
..... .###.#..##
.. .# .# .# .# #
.# .#


You could see 2 gnolls and a hobgoblin.

Vanquished Creatures
  A gnoll (D:1)
  An ooze (D:1)
  2 leopard geckos (D:1)
  3 giant cockroaches (D:1)
  4 hobgoblins (D:1)
  3 jackals (D:1)
  4 bats (D:1)
  4 kobolds (D:1)
  2 rats (D:1)
24 creatures vanquished.

Notes
Turn   | Place    | Note
-------+----------+-------------------------------------------
     0 | D:1      | Kavrick the Vine Stalker Monk began the quest for the Orb.
     0 | D:1      | Reached XP level 1. HP: 11/11 MP: 2/2
   184 | D:1      | Reached XP level 2. HP: 15/16 MP: 3/3
   571 | D:1      | Reached XP level 3. HP: 18/19 MP: 4/4
  1344 | D:2      | Slain by a gnoll

Vault maps used:
D:1:      kennysheep_arrival_seaside
D:2:      first_bread, dk_yredelemnul_ordeal, uniq_terence

Skill      XL: |  1  2  3 |
---------------+----------+-----
Fighting       | 3 |  3.0
Armour         | |  0.9
Dodging        | |  2.7
Stealth        | |  2.4
Unarmed Combat | |  3.6

Action                   || total
-------------------------++-------
Melee: Unarmed           ||    81
       Bite              ||    18
       Punch             ||     2
 Stab: Sleeping          ||     7
Armor: Robe              ||    12
Dodge: Dodged            ||    63

Table legend:
 A = Spawn XP
 B = Non-spawn XP
 C = Spawn XP percentage of total XP
 D = Spawn monster count
 E = Non-spawn monster count
 F = Spawn count percentage of total count
 G = Total turns spent on level
                    A         B        C        D         E        F      G
               +---------+---------+-------+---------+---------+-------+---------
         Total |       0 |      61 |   0.0 |       0 |      24 |   0.0 |  1344
               +---------+---------+-------+---------+---------+-------+---------
           D:1 |       0 |      61 |   0.0 |       0 |      24 |   0.0 |  1325
               +---------+---------+-------+---------+---------+-------+---------
